AoeStats
← hedheog

Arena

505954766Analyzed
1v1 RM · 21d ago on Sep 11, 2026· 40m 56s· 2 players
Game mode
Random Map
Map size
Tiny (2 player)
Population
200
Speed
Normal
Resources
Standard
Victory
Conquest
Starting age
Dark Age
Ending age
Imperial Age
RankedLock teamsTeams togetherTeam positionsShared explorationLock speedFull tech treeHidden civsTurbo modeCheats
Victory
Defeat
🇨🇿 Goths · Czechia
940
+32
🇱🇻 Poles · Latvia
914
-15
hedheog
11:07 Feudal Age
13:22 Double-Bit Axe
20:39 Castle Age
21:49 Horse Collar
22:22 Bow Saw
23:55 Man-at-Arms
25:32 Scale Mail Armor
26:11 Long Swordsman
34:06 Fletching
34:49 Crossbowman
Ignacian
0:41 Loom
11:42 Feudal Age
12:30 Double-Bit Axe
12:30 Horse Collar
17:24 Castle Age
20:12 Forging
20:03 Scale Mail Armor
20:02 Fletching
20:04 Town Watch
20:56 Wheelbarrow
22:02 Bow Saw
21:46 Gold Mining
23:13 Squires
26:19 Heavy Plow
30:38 Anarchy
31:08 Hand Cart
32:15 Chain Mail Armor
34:06 Iron Casting
33:44 Town Patrol
37:27 Imperial Age
35:30 Stone Mining
35:42 Bodkin Arrow
37:16 Ballistics
39:43 Conscription
39:20 Elite Huskarl
Connection lost

Rejoining the realm…

Still unreachable

The connection could not be restored.

Session expired

The server has moved on; the page needs a fresh start.